 Dungeon Crawl Stone Soup version 0.30-a0-743-gbfdf073431 (webtiles) character file.

Game seed: 5695853540910384568

445656 Anon1729 the Executioner (level 23, -4/217 (223) HPs)
             Began as a Minotaur Monk on Feb 7, 2023.
             Was the Champion of Qazlal.
             Shot with an arrow by a cherub (16 damage)
             ... on level 2 of the Depths on Feb 8, 2023.
             The game lasted 01:28:49 (56137 turns).

Anon1729 the Executioner (Minotaur Monk)           Turns: 56137, Time: 01:28:49

HP:   -4/217 (223)  AC: 50    Str: 28    XL:     23   Next: 10%
MP:   26/36         EV: 11    Int:  7    God:    Qazlal [******]
Gold: 3244          SH: 13    Dex: 15    Spells: 22/22 levels left

rFire   + . .      SeeInvis .    a - +5 war axe "Jitz" {venom, rPois}
rCold   + . .      Faith    .    W - orb {light}
rNeg    . . .      Spirit   .    w - +10 gold dragon scales
rPois   +          Reflect  +    (helmet restricted)
rElec   .          Harm     .    Z - +2 cloak {Will+}
rCorr   .          Rampage  +    g - +0 pair of gloves {Dex+3}
Will    +++..                    P - +2 pair of boots {rampage} Stlth
                                 O - amulet of reflection
HPRegen 0.56/turn                X - +4 ring of protection
MPRegen 0.25/turn                p - ring of willpower

@: protected from physical damage, glowing, studying 4 skills, lightly drained,
repel missiles
A: horns 2, retaliatory headbutt
}: 2/15 runes: barnacled, gossamer
a: Renounce Religion, Upheaval, Elemental Force, Disaster Area


You were on level 2 of the Depths.
You worshipped Qazlal.
Qazlal was exalted by your worship.
You visited 8 branches of the dungeon, and saw 40 of its levels.
You visited the Abyss 1 time.
You also visited: Ossuary, Bailey, Gauntlet and Ice Cave.

You collected 6333 gold pieces.
You spent 3089 gold pieces at shops.

Inventory:

Hand Weapons
 a - the +5 war axe "Jitz" (weapon) {venom, rPois}
   (You bought it in a shop on level 2 of the Dungeon)

   rPois:     It protects you from poison.
 b - a +1 war axe of flaming
 N - the +7 war axe "Qainia Utij" {antimagic, rN+}
   (You took it off a minotaur in a Gauntlet)

   rN:        It protects you from negative energy.
Missiles
 K - 16 throwing nets (quivered)
Armour
 g - a +0 pair of gloves of dexterity (worn)
 w - +10 gold dragon scales (worn)
 P - a +2 pair of boots of rampaging (worn)
 W - an orb of light (worn)
 Z - a +2 cloak of willpower (worn)
Jewellery
 i - a ring of protection from cold
 p - a ring of willpower (right hand)
 B - a ring of protection from fire
 F - a +5 ring of evasion
 O - an amulet of reflection (around neck)
 Q - the ring "Riul" {rPois rC+ Int+2 Stlth+}
   (You took it off a deep elf high priest on level 3 of the Elven Halls)

   [ring of poison resistance]

   Int:       It affects your intelligence (+2).
   rC:        It protects you from cold.
   rPois:     It protects you from poison.
   Stlth:     It makes you more stealthy.
 X - a +4 ring of protection (left hand)
Wands
 m - a wand of flame (26)
 r - a wand of mindburst (15)
 C - a wand of quicksilver (11)
 E - a wand of polymorph (7)
 G - a wand of charming (16)
 T - a wand of roots (14)
Scrolls
 f - 8 scrolls of immolation
 k - 7 scrolls of fear
 n - 3 scrolls of brand weapon
 q - 7 scrolls of vulnerability
 t - 9 scrolls of poison
 v - 10 scrolls of teleportation
 x - 11 scrolls of magic mapping
 y - 3 scrolls of summoning
 A - 9 scrolls of fog
 I - 8 scrolls of blinking
 J - 3 scrolls of silence
 M - 7 scrolls of enchant weapon
Potions
 c - 7 potions of lignification
 e - 5 potions of mutation
 j - 5 potions of haste
 l - 11 potions of might
 o - 19 potions of curing
 s - 4 potions of attraction
 u - a potion of invisibility
 z - 8 potions of magic
 D - 7 potions of cancellation
 H - 5 potions of berserk rage
 R - 8 potions of resistance
 S - 13 potions of flight
 U - 13 potions of ambrosia
 V - 4 potions of heal wounds
Miscellaneous
 d - a box of beasts
 h - a phial of floods
 L - a lightning rod (4/4)
 Y - a condenser vane


   Skills:
 + Level 22.3 Fighting
 * Level 24.0 Axes
 + Level 20.6 Armour
 + Level 10.6 Dodging
 - Level 1.5 Stealth
 + Level 10.8 Shields
 + Level 21.2 Invocations
 + Level 14.9 Evocations


You had 22 spell levels left.
You didn't know any spells.
Your spell library contained the following spells:

 Spells                   Type           Power      Damage    Failure   Level
 Foxfire                  Conj/Fire      0%         2x1d4     99%         1
 Summon Small Mammal      Summ           0%         N/A       99%         1
 Blink                    Tloc           0%         N/A       100%        2
 Cigotuvi's Dreadful Rot  Necr/Pois/Air  0%         N/A       100%        2
 Ensorcelled Hibernation  Hex/Ice        0%         N/A       100%        2
 Lesser Beckoning         Tloc           0%         N/A       100%        2
 Momentum Strike          Conj/Tloc      0%         3d8       100%        2
 Passwall                 Tmut/Erth      0%         N/A       100%        2
 Scorch                   Fire           0%         2d5       100%        2
 Static Discharge         Conj/Air       0%         2-2/arc   100%        2
 Call Canine Familiar     Summ           0%         N/A       100%        3
 Gell's Gravitas          Tloc           0%         N/A       100%        3
 Ignite Poison            Fire/Tmut/Pois 0%         N/A       100%        3
 Kindle Blastsparks       Fire/Tloc/Air  0%         2d10      100%        3
 Ozocubu's Armour         Ice            0%         N/A       100%        3
 Portal Projectile        Hex/Tloc       0%         N/A       100%        3
 Summon Guardian Golem    Hex/Summ       0%         N/A       100%        3
 Swiftness                Air            0%         N/A       100%        3
 Teleport Other           Tloc           0%         N/A       100%        3
 Tukima's Dance           Hex            0%         N/A       100%        3
 Airstrike                Air            0%         2d(0-16)  100%        4
 Animate Dead             Necr           0%         N/A       100%        4
 Dispel Undead            Necr           0%         3d6       100%        4
 Leda's Liquefaction      Hex/Erth       0%         N/A       100%        4
 Manifold Assault         Tloc           0%         N/A       100%        4
 Passage of Golubria      Tloc           0%         N/A       100%        4
 Petrify                  Tmut/Erth      0%         N/A       100%        4
 Summon Lightning Spire   Summ/Air       0%         N/A       100%        4
 Blade Hands              Tmut           0%         N/A       100%        5
 Freezing Cloud           Conj/Ice/Air   0%         6-21      100%        5
 Lee's Rapid Deconstruct  Erth           0%         3d4*      100%        5
 Lightning Bolt           Conj/Air       0%         1d11      100%        5
 Metabolic Englaciation   Hex/Ice        0%         N/A       100%        5
 Summon Forest            Summ/Tloc      0%         N/A       100%        5
 Yara's Violent Unravell  Hex/Tmut       0%         3d3       100%        5
 Death Channel            Necr           0%         N/A       100%        6
 Dispersal                Tloc           0%         N/A       100%        6
 Eringya's Noxious Bog    Tmut/Pois      0%         N/A       100%        6
 Statue Form              Tmut/Erth      0%         N/A       100%        6
 Enfeeble                 Hex            0%         N/A       100%        7
 Haunt                    Necr/Summ      0%         N/A       100%        7
 Malign Gateway           Summ/Tloc      0%         N/A       100%        7
 Ozocubu's Refrigeration  Ice            0%         4d7       100%        7
 Storm Form               Tmut/Air       0%         N/A       100%        7
 Summon Hydra             Summ           0%         N/A       100%        7
 Disjunction              Tloc           0%         N/A       100%        8
 Infestation              Necr           0%         N/A       100%        8
 Summon Horrible Things   Summ           0%         N/A       100%        8
 Chain Lightning          Conj/Air       0%         N/A       100%        9
 Fire Storm               Conj/Fire      0%         5d1       100%        9
 Shatter                  Erth           0%         3d5*      100%        9


Dungeon Overview and Level Annotations

Branches:
Dungeon (15/15)            Temple (0/1) D:7            Lair (5/5) D:9
 Shoals (4/4) Lair:3       Spider (4/4) Lair:3        Slime (0/5) Lair:4
    Orc (2/2) D:10            Elf (3/3) Orc:2        Vaults (4/5) D:14
  Crypt (0/3) Vaults:3     Depths (3/4) D:15        Ossuary (visited)
 Bailey (visited)           IceCv (visited)         Gauntlet (visited)

Altars:
Cheibriados
Dithmenos
Elyvilon
Fedhas
Gozag
Nemelex Xobeh
Qazlal
Ru
Sif Muna
Trog
Uskayaw
Vehumet
Xom
The Shining One
Jiyva

Shops:
D:2 [*((   D:5 !*[   D:8 *   Orc:2 ([*:   Shoals:1 ?   Shoals:4 *   Vaults:1 =
Vaults:2 ?   Vaults:4 *   Depths:1 *

Portals:
Hell: Depths:1
Pandemonium: Depths:2

Annotations:
D:14 exclusion: downstairs
Lair:1 exclusion: oklob plant
Lair:3 2 transporters, Dirtsage's ghost, journeyman VSMo
Spider:1 3 runed translucent doors, KingMieszko3's ghost, adept MiBe


Innate Abilities, Weirdness & Mutations

You have a pair of horns on your head.
You reflexively headbutt those who attack you in melee.


Message History

Items here: ! $ ) ? [[ †.
You feel sick.
You hear a faint skittering sound.
The stone giant attacks as you move away!
The stone giant hits you.
* * * LOW HITPOINT WARNING * * *
You feel sick.
The spriggan rider is engulfed in blazing flames.
The spriggan rider is struck by lightning.
There is a stone staircase leading up, spattered with blood here.
Things that are here:
+0 fire dragon scales; a fire dragon corpse You feel sick.
You are no longer poisoned.
The spriggan rider barely misses you.
The fire giant is engulfed in blazing flames.
The stone giant is engulfed in freezing vapours.
The stone giant hits you but does no damage.
You climb upwards.
The cherub's human head shouts!
The cherub's eagle head screeches!
You hear a shout! x3
The rakshasa hits you but does no damage.
A blizzard demon comes into view.
The cherub sings a powerful hymn!
The cherub goes into a battle-frenzy!
The cherub sings a powerful hymn!
The cherub goes into a battle-frenzy!
The +1 antimagic glaive hits you from afar!!
* * * LOW HITPOINT WARNING * * *
You feel your power leaking away.
The rakshasa hits you but does no damage.
The cherub unwields a +4 flail of flaming.
It stops flaming.
The cherub wields a +0 shortbow.
The cherub shoots an arrow.
The arrow hits you!
* * * LOW HITPOINT WARNING * * *
The cherub unwields a +0 long sword of flaming.
It stops flaming.
The cherub wields a +1 longbow of freezing.
It is covered in frost.
The cherub shoots an arrow.
The arrow hits you!
You die...

≈≈######..#####..#..........#.###
§≈# ##.###.......########.#.# ≈##
##..# ######### #...#.# ## ##[.##
### #...#.# # #..## ##### #...#.#
###.## ##.#.## #..^#.# #...#
#..#(.# #<..#.# ###.### ##.R.○.##
##..#.# #.(.### #..☼R@C.# ###.#.#
......# #...☼.....# #.###.#
......# .2..#......'...#.# #.#
......# .#.#.._..#R#..##.###.#
......# .A...A#..'...#..##.#
......# #.......(.##..#.....#
......# ##..<....# ######.#
.....## ##.....## ### #.# ######
.#. #.###.#


You could see a stone giant (very poisoned), 2 cherubim, a blizzard demon, 3
rakshasas and 2 dancing weapons.

Vanquished Creatures
  Boris (Vaults:3)
  Sojobo (Depths:2)
  Frederick (Vaults:4)
  Saint Roka (Vaults:3)
  Bai Suzhen (Vaults:3)
  3 golden dragons
  Rupert (D:15)
  2 deep elf blademasters
  A lich (Depths:2)
  A tentacled monstrosity (Depths:3)
  A walking divine tome (D:15)
  2 deep elf master archers (Elf:3)
  Kirke (D:15)
  2 ancient champions (Vaults:4)
  6 krakens
  Polyphemus (Shoals:4)
  5 sphinxes
  4 tengu reavers
  A shadow dragon (Depths:1)
  A storm dragon (Depths:1)
  Roxanne (D:14)
  Donald (Spider:2)
  Ilsuiw (Shoals:2)
  6 vault wardens
  2 fire giants (Depths:1)
  A frost giant (Depths:3)
  The ghost of SlaveLabor the Gelid, a journeyman DrIE of Ashenzari (Orc:2)
  9 deep elf sorcerers
  An orc warlord (Orc:2)
  6 ghost moths
  5 emperor scorpions
  6 deep elf elementalists (Elf:3)
  2 spriggan defenders
  10 stone giants
  2 vampire knights
  7 very ugly things
  12 ironbound preservers
  A broodmother (Spider:4)
  7 ironbound thunderhulks
  10 deep elf annihilators
  A minotaur (Gauntlet)
  4 deep elf demonologists (Elf:3)
  Azrael (Elf:1)
  10 dire elephants
  An eidolon (Vaults:3)
  Snorg (D:11)
  6 spark wasps
  12 merfolk impalers
  Josephine (D:14)
  5 ettins
  7 deep elf death magi
  5 deep elf high priests
  4 entropy weavers
  7 fire dragons
  11 great orbs of eyes
  5 merfolk javelineers
  An entropy weaver (shapeshifter) (Depths:3)
  14 yaktaur captains
  5 vault guards (Vaults:1)
  6 hydras
  2 rakshasas
  7 jorogumos
  6 ice dragons
  An ogre mage (D:15)
  A spriggan air mage (Depths:3)
  8 merfolk avatars
  2 catoblepae
  6 merfolk aquamancers
  2 alligator snapping turtles
  16 centaur warriors
  A radroach (Spider:4)
  25 dancing weapons
  14 two-headed ogres
  11 ironbound frosthearts
  4 boulder beetles
  3 deep troll shamans
  13 death yaks
  A satyr (shapeshifter) (Depths:3)
  6 tengu warriors
  4 vampire magi
  3 deep troll earth magi
  3 satyrs
  3 spriggan berserkers
  A titan zombie (Vaults:4)
  3 orc high priests (Orc:2)
  A thrashing horror (Abyss:2)
  Sonja (D:13)
  30 deep elf knights
  5 hell knights (Depths:2)
  2 fire crabs (Shoals:3)
  3 salamander mystics (Depths:2)
  5 iron trolls
  2 cherubim (D:14)
  2 skeletal warriors
  9 pharaoh ants
  2 sun moths
  A death drake (shapeshifter) (Elf:2)
  3 glowing orange brains
  40 deep trolls
  16 sea snakes
  3 flayed ghosts
  13 deep elf archers
  9 orb spiders
  An orange crystal statue (Elf:2)
  6 orc knights
  7 wizards
  6 lindwurms
  12 necromancers
  9 steelbarb worms
  A golden dragon skeleton (Depths:1)
  35 deep elf zephyrmancers
  A shadow dragon zombie (Depths:1)
  14 ironbound convokers
  32 harpies
  30 deep elf pyromancers
  21 fauns
  25 wolf spiders
  8 salamanders (Depths:2)
  A tengu skeleton (Vaults:4)
  A fire giant zombie (Depths:1)
  10 orc sorcerers
  A salamander (shapeshifter) (Elf:3)
  5 cyclopes
  16 manticores
  4 moths of wrath
  29 ugly things
  19 elephants
  12 merfolk sirens
  A fire giant skeleton (Vaults:3)
  3 ice statues (IceCv)
  15 vault sentinels
  6 black mambas
  6 water nymphs
  5 torpor snails
  A smoke demon (Gauntlet)
  11 demonic crawlers
  4 gargoyles
  16 cane toads
  A titan simulacrum (Vaults:4)
  2 elf skeletons
  3 rime drakes
  Maggie (D:8)
  6 komodo dragons
  2 efreet
  A kobold demonologist (D:13)
  An ice devil (Depths:3)
  33 yaktaurs
  2 tengu conjurers
  2 queen bees
  54 merfolk
  8 trolls
  5 polar bears
  7 meliai
  Prince Ribbit (D:6)
  7 wind drakes
  34 tarantellas
  13 snapping turtles
  10 dream sheep
  A wind drake (shapeshifter) (Elf:3)
  12 blink frogs
  A fire giant simulacrum (Depths:1)
  2 human simulacra (Vaults:4)
  6 air elementals
  30 jumping spiders
  27 slime creatures
  32 culicivoras
  3 centaur simulacra
  Sigmund (D:2)
  An ettin skeleton (Depths:1)
  4 hogs (D:15)
  15 wyverns
  5 fire elementals
  15 water elementals
  A human (D:15)
  5 fire bats
  49 yaks
  5 wraiths (D:14)
  A ynoxinul (Gauntlet)
  2 dire elephant simulacra (IceCv)
  12 basilisks
  Grum (D:8)
  73 redbacks
  A redback simulacrum (Gauntlet)
  2 vampire mosquitoes (D:11)
  A steam dragon (D:8)
  2 death yak simulacra (IceCv)
  Menkaure (Ossuary)
  2 wargs
  3 glowing shapeshifter zombies
  Edmund (D:6)
  2 acid dragons
  2 hell hounds
  7 water moccasins
  An ice beast (D:5)
  A meliai simulacrum (Gauntlet)
  4 black bears
  A swamp drake (D:10)
  39 orc warriors
  2 human zombies
  3 sky beasts
  12 ogres
  An ettin simulacrum (Depths:1)
  23 wolves
  A human skeleton (Vaults:4)
  13 boggarts
  22 centaurs
  2 phantoms
  5 kobold brigands
  8 bullfrogs
  8 gnoll sergeants
  2 scorpions
  A cane toad simulacrum (Gauntlet)
  4 earth elementals
  A small abomination (Abyss:2)
  9 wights
  2 elephant simulacra (IceCv)
  41 killer bees
  2 howler monkeys (D:8)
  6 electric eels
  3 crimson imps
  A lava snake (D:14)
  3 hounds
  Crazy Yiuf (D:2)
  26 orc priests
  2 iron imps (Gauntlet)
  Natasha (thrice) (D:2)
  3 iguanas (D:6)
  33 orc wizards
  9 gnoll boudas
  2 polar bear simulacra (IceCv)
  6 hell rats (Lair:5)
  A wolf simulacrum (IceCv)
  3 mummies (Ossuary)
  11 adders
  21 gnolls
  3 white imps
  2 ufetubi
  A worm (D:5)
  2 dart slugs
  77 orcs
  7 ball pythons
  3 endoplasms
  5 giant cockroaches
  2 gnoll zombies (Ossuary)
  9 goblins
  12 hobgoblins
  6 jackals (D:1)
  29 kobolds
  4 quokkas
  2 bats
  2 frilled lizards
  4 gnoll skeletons (Ossuary)
  8 goblin skeletons (Ossuary)
  7 goblin zombies (Ossuary)
  5 hobgoblin skeletons (Ossuary)
  4 hobgoblin zombies (Ossuary)
  4 kobold skeletons (Ossuary)
  A kobold zombie (Ossuary)
  An orc skeleton (Ossuary)
  6 orc zombies (Ossuary)
  3 rats
  3 rat skeletons (Ossuary)
  5 rat zombies (Ossuary)
  2 fire vortices
  25 tentacles
2009 creatures vanquished.

Vanquished Creatures (others)
  A fire giant (Depths:3)
  A culicivora (Spider:3)
  A water elemental (Shoals:3)
  2 bushes
  13 fungi
  111 plants
  27 tentacles
156 creatures vanquished.

Grand Total: 2165 creatures vanquished

Notes
Turn   | Place    | Note
-------+----------+-------------------------------------------
     0 | D:1      | Anon1729 the Minotaur Monk began the quest for the Orb.
     0 | D:1      | Reached XP level 1. HP: 19/19 MP: 0/0
    46 | D:1      | Reached skill level 1 in Armour
    46 | D:1      | Reached XP level 2. HP: 22/27 MP: 1/1
    86 | D:1      | Reached skill level 4 in Axes
   436 | D:1      | Reached XP level 3. HP: 33/33 MP: 2/2
   529 | D:2      | Found Roufiq's Antique Weapon Shoppe.
   608 | D:2      | Found Igaule's Weapon Shoppe.
   608 | D:2      | Noticed Sigmund
   627 | D:2      | Killed Sigmund
   628 | D:2      | Reached skill level 5 in Fighting
   628 | D:2      | Reached skill level 5 in Axes
   628 | D:2      | Reached XP level 4. HP: 42/42 MP: 3/3
   628 | D:2      | Reached XP level 5. HP: 48/48 MP: 4/4
   713 | D:2      | Found a runed translucent door.
   714 | D:2      | Identified the +4 hammer of Amorality {venom, Str+3 Int+4}
   714 | D:2      | Noticed Crazy Yiuf
   779 | D:2      | Found Xusteg's Distillery.
   781 | D:2      | Found Nuxih's General Store.
   811 | D:2      | Noticed Natasha
   828 | D:2      | Killed Natasha
   928 | D:2      | Found Fanyqaruno's Antique Armour Shoppe.
  1012 | D:2      | Found a faded altar of an unknown god.
  1150 | D:3      | Reached XP level 6. HP: 53/57 MP: 5/5
  1743 | D:4      | Reached skill level 6 in Axes
  1813 | D:4      | Found a shimmering altar of Xom.
  1845 | D:4      | Found a sand-covered staircase.
  1856 | Ossuary  | Entered an ossuary
  1945 | Ossuary  | Reached XP level 7. HP: 63/63 MP: 6/6
  2128 | Ossuary  | Reached skill level 5 in Armour
  2182 | Ossuary  | Noticed Menkaure
  2187 | Ossuary  | Killed Menkaure
  2412 | D:4      | Found a stormy altar of Qazlal.
  2602 | D:4      | Reached skill level 7 in Axes
  2674 | D:4      | Became a worshipper of Qazlal Stormbringer
  2674 | D:4      | Reached * piety under Qazlal
  2674 | D:4      | Reached ** piety under Qazlal
  3036 | D:2      | Bought a fine war axe for 178 gold pieces
  3036 | D:2      | Identified the +5 war axe "Jitz" {venom, rPois} (You bought
                  | it in a shop on level 2 of the Dungeon)
  3043 | D:2      | Noticed Natasha
  3049 | D:2      | Killed Natasha
  3050 | D:2      | Reached skill level 1 in Invocations
  3088 | D:2      | Killed Crazy Yiuf
  3153 | D:5      | Entered Level 5 of the Dungeon
  3153 | D:5      | Found Ufiapunn's Assorted Antiques.
  3229 | D:5      | Reached XP level 8. HP: 73/73 MP: 8/8
  3237 | D:5      | Found Ontiell's Distillery.
  3384 | D:5      | Reached skill level 8 in Axes
  3465 | D:5      | Found a white marble altar of Elyvilon.
  3465 | D:5      | Found a glowing golden altar of the Shining One.
  3465 | D:5      | Found a snail-covered altar of Cheibriados.
  3472 | D:5      | Found a shimmering blue altar of Sif Muna.
  3473 | D:5      | Found a sparkling altar of Nemelex Xobeh.
  3475 | D:5      | Found a shadowy altar of Dithmenos.
  3475 | D:5      | Found a hide-covered altar of Uskayaw.
  3476 | D:5      | Found a sacrificial altar of Ru.
  3478 | D:5      | Found an opulent altar of Gozag.
  3482 | D:5      | Found a blossoming altar of Fedhas.
  3483 | D:5      | Found a radiant altar of Vehumet.
  3499 | D:5      | Found Lothiniuff's Armour Boutique.
  3680 | D:6      | Reached XP level 9. HP: 74/81 MP: 11/11
  3810 | D:6      | Reached skill level 5 in Invocations
  3917 | D:6      | Noticed Edmund
  3927 | D:6      | Killed Edmund
  3963 | D:6      | Noticed Prince Ribbit
  3980 | D:6      | Killed Prince Ribbit
  4191 | D:6      | Reached *** piety under Qazlal
  4316 | D:7      | Found a staircase to the Ecumenical Temple.
  4455 | D:7      | Noticed a deep elf zephyrmancer
  4459 | D:7      | Killed a deep elf zephyrmancer
  4460 | D:7      | Reached skill level 9 in Axes
  4512 | D:7      | Found a flagged portal.
  4524 | Bailey   | Entered a bailey
  4746 | Bailey   | Reached XP level 10. HP: 91/91 MP: 14/14
  5622 | D:5      | Bought a scroll labelled HAAMEI VASO for 30 gold pieces
  5622 | D:5      | Bought a scroll labelled DEWIANACHOO for 30 gold pieces
  5622 | D:5      | Bought 2 metallic amethyst potions for 54 gold pieces
  5748 | D:8      | Found Qaptaowi's Lightly-Used Armoury.
  5777 | D:8      | Reached skill level 1 in Evocations
  5780 | D:8      | Reached **** piety under Qazlal
  5802 | D:8      | Noticed Maggie
  5816 | D:8      | Killed Maggie
  5958 | D:8      | Noticed Grum
  5965 | D:8      | Reached skill level 10 in Fighting
  5965 | D:8      | Reached skill level 10 in Axes
  5973 | D:8      | Killed Grum
  6856 | D:9      | Noticed a two-headed ogre
  6861 | D:9      | Killed a two-headed ogre
  7106 | D:9      | Found a staircase to the Lair.
  7146 | D:9      | Identified the +0 robe of Exclusion {Dex+4}
  7315 | D:10     | Entered Level 10 of the Dungeon
  7344 | D:10     | Reached ***** piety under Qazlal
  7347 | D:10     | Reached XP level 11. HP: 82/99 MP: 16/16
  7757 | D:10     | Noticed an orc knight
  7760 | D:10     | Noticed a skeletal warrior
  7776 | D:10     | Killed an orc knight
  8105 | D:2      | Noticed Natasha
  8110 | D:2      | Killed Natasha
  8125 | D:2      | Bought a potion of ambrosia for 80 gold pieces
  8125 | D:2      | Bought a potion of might for 40 gold pieces
  8125 | D:2      | Bought a potion of curing for 30 gold pieces
  8125 | D:2      | Bought a potion of heal wounds for 50 gold pieces
  8125 | D:2      | Bought a potion of mutation for 80 gold pieces
  8125 | D:2      | Bought a potion of might for 40 gold pieces
  8125 | D:2      | Bought a potion of degeneration for 10 gold pieces
  8125 | D:2      | Bought a potion of might for 40 gold pieces
  8132 | D:2      | Bought a scroll of identify for 28 gold pieces
  8132 | D:2      | Bought a potion of curing for 42 gold pieces
  8132 | D:2      | Bought a potion of magic for 112 gold pieces
  8132 | D:2      | Bought a potion of mutation for 112 gold pieces
  8281 | Lair:1   | Entered Level 1 of the Lair of Beasts
  8297 | Lair:1   | Reached skill level 10 in Armour
  8331 | Lair:1   | Noticed an oklob plant
  8471 | Lair:1   | Reached skill level 11 in Axes
  8471 | Lair:1   | Reached skill level 10 in Invocations
  9066 | Lair:1   | Reached XP level 12. HP: 107/110 MP: 19/19
  9080 | Lair:1   | Identified the +6 spear "Grim" {holy, *Noise Fly rPois
                  | rF++}
 10160 | Lair:2   | Identified the +2 ring mail "Omohal" {rC+ Dex+2}
 10217 | Lair:2   | Reached skill level 5 in Evocations
 10392 | Lair:2   | Reached ****** piety under Qazlal
 10393 | Lair:2   | Reached skill level 12 in Axes
 10508 | Lair:2   | Noticed a four-headed hydra
 10515 | Lair:2   | Killed a one-headed hydra
 10828 | Lair:3   | Found a hole to the Spider Nest.
 10861 | Lair:3   | Identified a scroll of acquirement
 11102 | Lair:3   | Found a staircase to the Shoals.
 11106 | Lair:3   | Found a transporter.
 11165 | Lair:3   | Reached XP level 13. HP: 85/119 MP: 21/21
 11513 | Lair:3   | Noticed Dirtsage's ghost (journeyman VSMo)
 11517 | Lair:3   | Found a bloodstained altar of Trog.
 11549 | Lair:3   | Found a transporter.
 11788 | Lair:4   | Found a viscous altar of Jiyva.
 11788 | Lair:4   | Found a staircase to the Slime Pits.
 12266 | Lair:4   | Identified the +10 dagger of Ambiguity {venom, rElec}
 12385 | Lair:4   | You fall into a shaft and drop 1 floor!
 12385 | Lair:5   | Entered Level 5 of the Lair of Beasts
 12410 | Lair:5   | Reached skill level 13 in Axes
 13298 | Lair:5   | Reached XP level 14. HP: 56/129 MP: 23/23
 14514 | D:5      | Bought a +1 cloak of willpower for 181 gold pieces
 14879 | D:10     | Found a staircase to the Orcish Mines.
 15142 | D:11     | Reached skill level 14 in Axes
 15583 | D:11     | Noticed Snorg
 15594 | D:11     | Killed Snorg
 16295 | D:12     | Found a gate leading to a gauntlet.
 16319 | Gauntlet | Entered a Gauntlet
 16319 | Gauntlet | Noticed a cacodemon
 16319 | Gauntlet | Found a transporter.
 16319 | Gauntlet | Found a transporter.
 16319 | Gauntlet | Found a transporter.
 16335 | Gauntlet | Found a transporter.
 16339 | Gauntlet | Found a transporter.
 16349 | Gauntlet | Found a transporter.
 16378 | Gauntlet | Found a transporter.
 16385 | Gauntlet | Found a transporter.
 16393 | Gauntlet | Found a transporter.
 16432 | Gauntlet | Found a transporter.
 16454 | Gauntlet | Found a transporter.
 16472 | Gauntlet | Found a transporter.
 16742 | Gauntlet | Identified the +7 war axe "Qainia Utij" {antimagic, rN+}
 16810 | Gauntlet | Acquired 431 gold pieces
 17552 | D:13     | Found a frozen archway.
 17561 | IceCv    | Entered an ice cave
 17582 | IceCv    | Reached skill level 15 in Invocations
 18038 | D:13     | Noticed Sonja
 18053 | D:13     | Killed Sonja
 18585 | D:14     | Reached XP level 15. HP: 139/139 MP: 25/25
 18678 | D:14     | Noticed Josephine
 18687 | D:14     | Killed Josephine
 19019 | D:14     | Found a gate to the Vaults.
 19311 | D:14     | Identified the +9 spear of Profit {flame, Fragile rElec
                  | rF+}
 19465 | D:14     | Noticed Roxanne
 19838 | D:14     | Killed Roxanne
 20127 | D:15     | Entered Level 15 of the Dungeon
 20137 | D:15     | Noticed Rupert
 20292 | Orc:1    | Entered Level 1 of the Orcish Mines
 20311 | Orc:1    | Reached skill level 15 in Axes
 20620 | Orc:2    | Entered Level 2 of the Orcish Mines
 20830 | Orc:2    | Reached skill level 15 in Fighting
 21153 | Orc:2    | Found a bloodstained altar of Trog.
 21237 | Orc:2    | Noticed SlaveLabor's ghost (journeyman DrIE)
 21239 | Orc:2    | Identified the +6 great mace of Sunlight {holy, Int+2}
 21240 | Orc:2    | Found a transporter.
 21243 | Orc:2    | Found a transporter.
 21286 | Orc:2    | Found a staircase to the Elven Halls.
 21539 | Orc:2    | Found Vokk's Antique Armour Shoppe.
 21540 | Orc:2    | Found Caylug's Antique Weapon Shoppe.
 21542 | Orc:2    | Found Ribyivox's General Store.
 21542 | Orc:2    | Found Foumoafu's Book Emporium.
 21557 | Orc:2    | Bought a shimmering buckler for 313 gold pieces
 21557 | Orc:2    | Identified the +1 buckler of Jeimac {Will+} (You bought it
                  | in a shop on level 2 of the Orcish Mines)
 21557 | Orc:2    | Bought a pair of embroidered gloves for 247 gold pieces
 21658 | Orc:1    | Found a runed translucent door.
 21922 | Orc:2    | Killed SlaveLabor's ghost
 22373 | D:15     | Killed Rupert
 22376 | D:15     | Reached skill level 15 in Armour
 22678 | D:15     | Found a blossoming altar of Fedhas.
 22703 | D:15     | Noticed Kirke
 22725 | D:15     | Killed Kirke
 22825 | D:15     | Reached XP level 16. HP: 113/149 MP: 27/27
 23275 | D:15     | Found a staircase to the Depths.
 23720 | Spider:1 | Entered Level 1 of the Spider Nest
 24242 | Spider:1 | Reached skill level 10 in Evocations
 24582 | Spider:1 | Reached skill level 16 in Axes
 24641 | Spider:1 | Noticed KingMieszko3's ghost (adept MiBe)
 24666 | Spider:1 | Found a runed translucent gate.
 24667 | Spider:1 | Found a runed translucent gate.
 24672 | Spider:1 | Found a runed translucent gate.
 25595 | Spider:2 | Noticed Donald
 25610 | Spider:2 | Killed Donald
 27310 | Spider:3 | Reached XP level 17. HP: 149/159 MP: 28/28
 27555 | Spider:3 | Acquired 932 gold pieces
 28583 | Spider:4 | Entered Level 4 of the Spider Nest
 28864 | Spider:4 | Paralysed by a jorogumo for 1 turns
 29752 | Spider:4 | Reached skill level 17 in Axes
 30605 | Spider:4 | Got a gossamer rune of Zot
 30811 | Shoals:1 | Entered Level 1 of the Shoals
 30818 | Shoals:1 | Noticed a kraken
 30821 | Shoals:1 | Noticed a kraken
 31515 | Shoals:1 | Killed a kraken
 31720 | Shoals:1 | Killed a kraken
 32142 | Shoals:1 | Noticed a kraken
 32156 | Shoals:1 | Killed a kraken
 32165 | Shoals:1 | Noticed a kraken
 32440 | Shoals:1 | Killed a kraken
 32455 | Shoals:1 | Reached XP level 18. HP: 98/170 MP: 30/30
 32892 | Shoals:1 | Found Syxin's Magic Scroll Shop.
 32902 | Shoals:1 | Bought a scroll of immolation for 72 gold pieces
 32902 | Shoals:1 | Bought a scroll of summoning for 171 gold pieces
 32902 | Shoals:1 | Bought a scroll of teleportation for 54 gold pieces
 32902 | Shoals:1 | Bought a scroll of enchant armour for 135 gold pieces
 32902 | Shoals:1 | Bought a scroll of fog for 72 gold pieces
 32902 | Shoals:1 | Bought a scroll of enchant weapon for 135 gold pieces
 32902 | Shoals:1 | Bought a scroll of vulnerability for 72 gold pieces
 33705 | Shoals:2 | Noticed Ilsuiw
 33866 | Abyss:2  | Cast into level 2 of the Abyss (merfolk impaler)
 33936 | Abyss:2  | Noticed a bone dragon
 33937 | Shoals:2 | Escaped the Abyss
 33951 | Shoals:2 | Reached skill level 18 in Axes
 33960 | Shoals:2 | Killed Ilsuiw
 36200 | Shoals:3 | Identified the +1 quarterstaff "Xops" {heavy, Fly rElec rC-
                  | Int+3}
 36354 | Shoals:4 | Entered Level 4 of the Shoals
 36802 | Shoals:4 | Reached skill level 19 in Axes
 36924 | Shoals:4 | Found Asog's General Store.
 36941 | Shoals:4 | Bought a potion of curing for 51 gold pieces
 36983 | Shoals:4 | Noticed Polyphemus
 36998 | Shoals:4 | Killed Polyphemus
 37008 | Shoals:4 | Reached XP level 19. HP: 79/179 MP: 31/31
 37822 | Shoals:4 | Got the Disquisition on Transformation
 37890 | Shoals:4 | Got a barnacled rune of Zot
 38425 | Elf:1    | Entered Level 1 of the Elven Halls
 38608 | Elf:1    | Reached skill level 1 in Shields
 38773 | Elf:1    | Noticed Azrael
 38779 | Elf:1    | Killed Azrael
 39888 | Elf:2    | Paralysed by an air elemental for 1 turns
 40023 | Elf:2    | Paralysed by an air elemental for 1 turns
 40031 | Elf:2    | Reached skill level 20 in Axes
 40410 | Elf:2    | Reached skill level 5 in Dodging
 40583 | Elf:2    | Found a runed translucent gate.
 40659 | Elf:2    | Found a runed translucent gate.
 40662 | Elf:2    | Found a runed translucent gate.
 41382 | Elf:2    | Reached XP level 20. HP: 139/189 MP: 32/32
 41738 | Elf:3    | Entered Level 3 of the Elven Halls
 41825 | Elf:3    | Paralysed by an air elemental for 1 turns
 42215 | Elf:3    | Paralysed by an air elemental for 1 turns
 42221 | Elf:3    | Paralysed by an air elemental for 1 turns
 42467 | Elf:3    | Reached skill level 5 in Shields
 42954 | Elf:3    | Identified the amulet of the Median {Faith Int+3 SInv}
 43015 | Elf:3    | Reached skill level 21 in Axes
 43219 | Elf:3    | Identified the ring "Riul" {rPois rC+ Int+2 Stlth+}
 43855 | Elf:3    | Identified the +8 scimitar "Koir" {heavy, Stlth+}
 43987 | Elf:3    | Identified the +0 plate armour of Loss {rElec Will- Dex+6}
 44024 | Elf:3    | Identified the +1 pair of gloves "Atwo" {Rampage Drain
                  | Dex-3 Stlth+}
 44500 | Vaults:1 | Entered Level 1 of the Vaults
 45706 | Vaults:1 | Found Fioxzin's Jewellery Shoppe.
 45895 | Vaults:1 | Reached XP level 21. HP: 99/200 MP: 34/34
 47340 | Vaults:2 | Reached skill level 22 in Axes
 48005 | Vaults:2 | Found Puntos's Magic Scroll Shoppe.
 48013 | Vaults:2 | Bought a scroll of teleportation for 39 gold pieces
 48013 | Vaults:2 | Bought a scroll of enchant armour for 97 gold pieces
 48013 | Vaults:2 | Bought a scroll of teleportation for 39 gold pieces
 48013 | Vaults:2 | Bought a scroll of magic mapping for 97 gold pieces
 48013 | Vaults:2 | Bought a scroll of teleportation for 39 gold pieces
 48645 | Vaults:3 | Noticed Saint Roka
 48677 | Vaults:3 | Killed Saint Roka
 48687 | Vaults:3 | Noticed Bai Suzhen
 48703 | Vaults:3 | Killed Bai Suzhen
 49332 | Vaults:3 | Noticed Boris
 49353 | Vaults:3 | Killed Boris
 50311 | Vaults:3 | Reached XP level 22. HP: 176/213 MP: 35/35
 50579 | Vaults:3 | Found a staircase to the Crypt.
 50780 | Vaults:4 | Noticed Frederick
 50789 | Vaults:4 | Killed Frederick
 51311 | Vaults:4 | Reached skill level 23 in Axes
 51444 | Vaults:4 | Found Cyiqos's General Store.
 51979 | Depths:1 | Entered Level 1 of the Depths
 51979 | Depths:1 | Found a gateway to Hell.
 52651 | Depths:1 | Noticed a golden dragon
 52679 | Depths:1 | Killed a golden dragon
 52704 | Depths:1 | Identified the +2 robe "Lepnoqa" {+Inv rElec}
 52989 | Depths:1 | Reached skill level 10 in Shields
 53381 | Depths:1 | Noticed a golden dragon
 53390 | Depths:1 | Killed a golden dragon
 53531 | Depths:1 | Got Sif Muna's Spellbook of the Misty Summer
 53749 | Depths:1 | Found Firum's Demolitions Depot.
 53757 | Depths:1 | Bought a wand of quicksilver (4) for 319 gold pieces
 54141 | Depths:2 | Found a one-way gate leading to the halls of Pandemonium.
 54178 | Depths:2 | Reached skill level 10 in Dodging
 55554 | Depths:3 | Noticed a golden dragon
 55572 | Depths:3 | Killed a golden dragon
 55891 | Depths:3 | Noticed Sojobo
 55898 | Depths:3 | Reached XP level 23. HP: 164/223 MP: 36/36
 55915 | Depths:3 | Paralysed by an air elemental for 1 turns
 55920 | Depths:3 | Paralysed by an air elemental for 1 turns
 55925 | Depths:3 | Paralysed by an air elemental for 1 turns
 55934 | Depths:2 | Killed Sojobo
 56126 | Depths:3 | Reached skill level 24 in Axes
 56137 | Depths:2 | Found a hide-covered altar of Uskayaw.
 56137 | Depths:2 | Shot with an arrow by a cherub

Illustrated notes

Levels and vault maps discovered:
D:1:      lightli_arrival_lavapool, layout_basic
D:2:      layout_basic, shapermc_ecumenical_altar_pompeii, serial_shops, shop,
          nicolae_shop_crystal, nicolae_shop_stone, shop, shop,
          uniq_crazy_yiuf_cottage, uniq_natasha, uniq_sigmund
D:3:      layout_rooms
D:4:      layout_gridville, grunt_qazlal_clouds, lemuel_doored_altar,
          enter_ossuary_1, minmay_fire_ice_demons
D:5:      wander_river, layout_cave_pools, nicolae_overflow_hallway_of_the_gods,
          serial_shops, nicolae_stop_n_shop_1, nicolae_take_the_stairs,
          nicolae_stop_n_shop_2
D:6:      layout_rooms, minmay_strange_pillars, kennysheep_doodads,
          uniq_prince_ribbit1, uniq_edmund
D:7:      layout_basic, minmay_temple_entry_glass, enter_bailey_2,
          nicolae_zen_rock_garden, guppyfry_early_elven_hall
D:8:      layout_basic, minmay_shop_damaged, uniq_maggie, uniq_grum
D:9:      layout_loops_ring, lair_entry_dummy
D:10:     minmay_curly_fans, layout_gridville, erik_orc_1,
          kennysheep_generic_room_16
D:11:     layout_layer_cave, uniq_snorg
D:12:     layout_irregular_city, gauntlet_entry_generic
D:13:     layout_roguey, serial_bayou, serial_bayou_shore_b,
          serial_bayou_pond_d, serial_bayou_lagoon_b, serial_bayou_pond_d,
          portal_ice_cave_entry_pillars_2, uniq_sonja
D:14:     layout_loops_cross, erik_vaults_1, kennysheep_big_empty_room, pf_eden,
          uniq_roxanne, uniq_josephine
D:15:     hangedman_depths_entry_civil_slaughter, layout_stronghold,
          fedhas_altar_2, minmay_misc_feat_four_crosses, uniq_kirke, uniq_rupert
Lair:1:   layout_layer_cave, serial_forest, infiniplex_forest_lined_room_2,
          infiniplex_forest_clump_small, infiniplex_forest_end_2,
          infiniplex_forest_straight_4, infiniplex_forest_end_1,
          infiniplex_forest_end_1, infiniplex_forest_straight_2,
          infiniplex_forest_lined_4_way, infiniplex_forest_clump_long,
          infiniplex_forest_clump_double, special_room [special_room_bee],
          minmay_lair_oklob_bushes, st_stairs_5
Lair:2:   layout_long_grid
Lair:3:   layout_roguey, minmay_shoals_entry_beasts, spider_nest_entry_webs,
          gammafunk_ghost_wrathful_warriors, grunt_megastairs_1,
          infiniplex_staircase_pool_2
Lair:4:   layout_gridlike, slime_entry_1, grunt_megastairs_3,
          lemuel_fruit_fields
Lair:5:   grunt_lair_end_beastmaster, layout_gridlike, special_room
          [special_room_mythical_zoo]
Shoals:1: nicolae_shoals_lighthouse, layout_shoals, serial_shops,
          nicolae_lakefront_shop
Shoals:2: layout_shoals, uniq_ilsuiw
Shoals:3: layout_shoals, hangedman_shoal_volcano
Shoals:4: shoals_end_simple, layout_shoals, serial_shops, shop, uniq_polyphemus
Spider:1: layout_spider_delve, gammafunk_ghost_split
Spider:2: layout_spider_delve, hive_lemuel, uniq_donald
Spider:3: layout_chambers, nicolae_spider_eight_legs
Spider:4: grunt_spider_rune_parallel
Orc:1:    layout_caves, lightli_church_of_beogh
Orc:2:    st_orc_congregation, layout_diamond_mine, basic_altar,
          gammafunk_ghost_smash, rock_pile
Elf:1:    nicolae_elf_arrival_no_cutting_in_line, layout_geoelf_diagonals,
          hangedman_elf_represent, roderic_roman_lattice, uniq_azrael
Elf:2:    elven_hall_of_blades_hangedman_original
          [nicolae_vaults_blade_armed_guards], layout_onion_city, minivault_16
Elf:3:    minmay_elf_hall_four_x, layout_geoelf_castle, st_stairs_5
Vaults:1: hangedman_vaults_corner_blocks, vaults_room_large_hall,
          nicolae_vaults_windows_and_doors_thing, v_misc_26, vaults_room_boxed,
          hangedman_vaults_trim, v_misc_19,
          vaults_room_grunt_arrival_checkpoint, v_misc_23, st_lattice,
          vaults_dpeg_cross, ontoclasm_vaults_loading_screen,
          vaults_mumra_minichess, nicolae_vaults_circle_grid_a,
          vaults_room_mumra_shop_pool, layout_vaults_big_room
Vaults:2: v_pattern_1, vaults_mumra_hex, vaults_dpeg_encased_lava,
          grunt_vaults_funnel, vaults_dpeg_ring, nicolae_vaults_little_ls,
          hangedman_vaults_restitches, nicolae_vaults_angled_halls,
          layout_vaults_quadrants, serial_shops, shop_statue
Vaults:3: v_rooms_5, st_hourglassy, hangedman_vaults_nails,
          nicolae_vaults_back_hallway, hangedman_vaults_pinch,
          vaults_room_door_ring, v_alt_pattern_4, grunt_vaults_trifunnel,
          v_pattern_3, nicolae_vaults_big_ls, nicolae_vaults_asterisk,
          vaults_room_semicircle, vaults_dpeg_hooks, layout_vaults_ring,
          minmay_crypt_entry_simple_walls, uniq_bai_suzhen, uniq_boris,
          uniq_saint_roka
Vaults:4: ontoclasm_vaults_loading_screen, vaults_room_pools,
          hangedman_vaults_stitches, vaults_standard_mumra_enter_the_diamond,
          vaults_dpeg_doors, vaults_room_door_hall, vaults_room_stairs_pillars,
          v_alt_pattern_3, ontoclasm_vaults_ligature, hangedman_vaults_stagger,
          nicolae_vaults_diagonal_hallway_6, hangedman_vaults_river_flow,
          grunt_vaults_hallway_short, vaults_room_pools,
          nicolae_vaults_triangles, sword_in_stone,
          nicolae_vaults_circle_grid_a, layout_vaults_maze, serial_shops,
          nicolae_diamond_shop, uniq_margery
Depths:1: minmay_the_grid_octo_triangle [minmay_the_grid_octo_concentric,
          minmay_the_grid_octo_prize_big_c, minmay_the_grid_octo_odd_swirl],
          layout_long_grid, hell_entry, hangedman_decor_clover_reticule,
          nicolae_blasting_shop, wad_mini_maze
Depths:2: regret_index_uskayaw_diablada_macabre, layout_basic, hell_entry,
          kennysheep_decorative_pillar, pan_entry
Depths:3: hangedman_cross_stitches, layout_honeycomb, enter_ziggurat_b,
          abyss_entry, rand_demon_pan_entry_3, hell_entry,
          serial_sigils_hangedman_scratch, minmay_misc_feat_tower, uniq_sojobo

Skill      XL: |  1  2  3  4  5  6  7  8  9 10 11 12 13 14 15 16 17 18 19 20 21 22 23 |
---------------+----------------------------------------------------------------------+-----
Armour         | 1 3 4 6 7 8 9 10 11 13 14 15 16 17 18 19 20 | 20.6
Axes           | 4 5 6 7 8 9 10 11 12 13 14 15 16 17 19 20 21 22 23 24 | 24.0
Fighting       | 4 5 6 7 8 9 10 11 12 13 14 15 16 17 18 19 21 22 | 22.3
Invocations    | 1 4 7 9 10 12 13 15 16 17 19 20 21 | 21.2
Evocations     | 2 4 6 7 8 9 10 11 12 13 14 | 14.9
Shields        | 4 7 9 10 | 10.8
Dodging        | 5 7 9 10 | 10.6
Stealth        | |  1.5

Action                     |  1- 3 |  4- 6 |  7- 9 | 10-12 | 13-15 | 16-18 | 19-21 | 22-24 || total
---------------------------+-------+-------+-------+-------+-------+-------+-------+-------++-------
  Melee: Hand axe          |    68 |    81 |       |       |       |       |       |       ||   149
         Headbutt          |    10 |    24 |    62 |   101 |   360 |   450 |   483 |   300 ||  1790
         Punch             |       |     2 |     2 |     4 |       |       |       |       ||     8
         War axe           |       |    63 |   254 |   504 |  1088 |  1412 |  1466 |   657 ||  5444
 Invoke: Upheaval          |       |       |     2 |       |     4 |     4 |    20 |     6 ||    36
         Disaster Area     |       |       |       |       |       |     2 |     5 |       ||     7
  Evoke: Wand              |       |     1 |       |       |     2 |     9 |     4 |       ||    16
         Box of beasts     |       |       |       |       |     1 |     1 |       |       ||     2
         Phial of floods   |       |       |       |       |       |       |     1 |       ||     1
    Use: Potion            |     1 |       |       |     4 |     2 |     3 |     6 |     1 ||    17
         Scroll            |       |       |       |    16 |    12 |     3 |     2 |    10 ||    43
   Stab: Confused          |       |       |       |     1 |       |       |       |       ||     1
         Petrified         |       |       |       |       |     3 |       |       |       ||     3
         Petrifying        |       |       |       |       |     1 |       |       |       ||     1
 Armour: Robe              |     9 |       |       |       |       |       |       |       ||     9
         Plate armour      |    25 |    88 |   159 |   255 |   229 |   499 |   654 |   177 ||  2086
         Quicksilver drago |       |       |       |       |   211 |   498 |       |       ||   709
         Gold dragon scale |       |       |       |       |       |       |       |   262 ||   262
  Dodge: Dodged            |    30 |    41 |    93 |   119 |   284 |   619 |   404 |   270 ||  1860
         Repelled          |       |       |       |     1 |    13 |    10 |    18 |     7 ||    49
  Block: Other             |       |       |    25 |   162 |       |       |       |       ||   187
         Orb               |       |       |       |    75 |   549 |  1072 |   615 |   374 ||  2685
         Reflection        |       |       |       |     1 |    27 |    84 |    70 |    18 ||   200

Table legend: (Time is in decaauts)
 A = Elapsed time spent in this place.
 B = Non-inter-level travel time spent in this place.
 C = Inter-level travel time spent in this place.
 D = Time resting spent in this place.
 E = Time spent auto-exploring this place.
 F = Levels seen in this place.
 G = Mean time per level.
                   A        B        C        D        E       F      G
               +--------+--------+--------+--------+--------+-----+--------+
         Total |  56300 |  52457 |   3843 |   7580 |  34841 |  45 | 1251.1 |
       Dungeon |  14894 |  13025 |   1869 |   1287 |   9088 |  15 |  992.9 |
          Lair |   8461 |   7841 |    620 |   1910 |   4910 |   5 | 1692.2 |
        Shoals |   5936 |   5773 |    163 |   1086 |   3551 |   4 | 1484.0 |
   Spider Nest |   6205 |   5908 |    297 |   1166 |   3690 |   4 | 1551.2 |
  Orcish Mines |   2026 |   1751 |    275 |    259 |   1165 |   2 | 1013.0 |
   Elven Halls |   6027 |   5777 |    250 |    844 |   3891 |   3 | 2009.0 |
        Vaults |   7518 |   7275 |    243 |    486 |   5678 |   4 | 1879.5 |
        Depths |   3375 |   3251 |    124 |    402 |   2224 |   3 | 1125.0 |
         Abyss |     80 |     80 |      0 |      0 |     23 |   1 |   80.0 |
       Ossuary |    412 |    412 |      0 |      0 |    159 |   1 |  412.0 |
        Bailey |    563 |    563 |      0 |     18 |    228 |   1 |  563.0 |
      Ice Cave |    276 |    276 |      0 |     81 |     28 |   1 |  276.0 |
      Gauntlet |    522 |    522 |      0 |     40 |    203 |   1 |  522.0 |
               +--------+--------+--------+--------+--------+-----+--------+

Top non-repeatable levels by time:
  Lair:3: 3062 daAuts
   Elf:3: 2581 daAuts
Vaults:3: 2381 daAuts
Spider:2: 2182 daAuts
Vaults:1: 2091 daAuts
  Lair:1: 1989 daAuts
   Elf:2: 1943 daAuts
Spider:3: 1907 daAuts
  Lair:5: 1898 daAuts
    D:15: 1881 daAuts
Vaults:2: 1848 daAuts
Depths:2: 1732 daAuts
Spider:4: 1665 daAuts
Shoals:4: 1527 daAuts
   Elf:1: 1503 daAuts
